 Dungeon Crawl Stone Soup version 0.28-a0-819-g6ef7baa362 (webtiles) character file.

Game seed: 11205664259575622414

35 jsc133 the Skirmisher (level 3, 0/23 HPs)
             Began as a Gargoyle Berserker on Nov 8, 2021.
             Was a Believer of Trog.
             Slain by a scorpion (1 damage)
             ... on level 4 of the Dungeon on Nov 11, 2021.
             The game lasted 00:07:47 (1514 turns).

jsc133 the Skirmisher (Gargoyle Berserker)          Turns: 1514, Time: 00:07:48

Health: 0/23       AC:  7    Str: 20    XL:     3   Next: 35%
Magic:  3/3        EV: 12    Int:  7    God:    Trog [**....]
Gold:   81         SH:  0    Dex: 10    Spells: 2/2 levels left

rFire   . . .      SeeInvis .   d - +4 dagger (holy)
rCold   . . .      Faith    .   (no shield)
rNeg    + . .      Spirit   .   b - +1 animal skin
rPois   ∞          Reflect  .   (no helmet)
rElec   +          Harm     .   (no cloak)
rCorr   .          Rampage  .   (no gloves)
Will    .....                   j - +0 pair of boots
Stlth   +.........              (no amulet)
HPRegen 0.07/turn               (no ring)
MPRegen 0.08/turn               (no ring)

@: no status effects
A: sickness immunity, AC +3, negative energy resistance 1, electricity
resistance, torment resistance 1, petrification resistance
a: Renounce Religion, Berserk, Trog's Hand


You were on level 4 of the Dungeon.
You worshipped Trog.
Trog was pleased with you.
You visited 1 branch of the dungeon, and saw 4 of its levels.

You collected 81 gold pieces.

Inventory:

Hand Weapons
 a - a +1 mace
 d - a +4 dagger of holy wrath (weapon)
Missiles
 f - 3 boomerangs (quivered)
Armour
 b - a +1 animal skin (worn)
 j - a +0 pair of boots (worn)
Jewellery
 c - an amulet of guardian spirit
Scrolls
 g - a scroll of noise
 i - 2 scrolls of teleportation {unknown}
Potions
 e - a potion of attraction
 h - 3 potions of curing {unknown}


   Skills:
 + Level 3.5 Fighting
 + Level 0.1 Short Blades
 + Level 3.4 Maces & Flails
 + Level 2.3 Armour
 + Level 2.2 Dodging
 + Level 0.2 Stealth


You had 2 spell levels left.
You didn't know any spells.
Your spell library contained the following spells:

 Spells                   Type           Power      Damage    Failure   Level
 Sting                    Tmut/Pois      0%         1d3       43%         1
 Poisonous Vapours        Pois/Air       0%         N/A       56%         2
 Olgreb's Toxic Radiance  Pois           0%         N/A       99%         4


Dungeon Overview and Level Annotations

Branches:
Dungeon (4/15)
 Temple: D:4-7

Altars:
Makhleb
Ru

Shops:
D:1 [


Innate Abilities, Weirdness & Mutations

You are immune to sickness and miasma.
Your stone body is resilient. (AC +3)
You are immune to poison.
You resist negative energy. (rN+)
You are resistant to electric shocks. (rElec)
You are resistant to unholy torment.
You are immune to petrification.


Message History

Found 17 gold pieces.
A scorpion comes into view.
There is a sacrificial altar of Ru here.
There is a burning altar of Makhleb here.
There is a burning altar of Makhleb here.
There is a sacrificial altar of Ru here.
There is a sacrificial altar of Ru here.
There is a burning altar of Makhleb here.
There is a fountain of clear blue water here.
There is an open door here.
Found a robe.
A hound comes into view.
The scorpion barely misses you.
You hit the scorpion.
The scorpion is lightly wounded.
The scorpion closely misses you.
You hit the scorpion.
The scorpion is lightly wounded.
The hound bites you. The scorpion closely misses you.
The scorpion stings you but does no damage.
The hound bites you. The scorpion closely misses you.
You hit the scorpion.
The scorpion is moderately wounded.
The hound bites you but does no damage. The scorpion barely misses you.
The scorpion stings you.
You barely miss the scorpion.
The scorpion is moderately wounded.
The hound bites you.
The scorpion stings you but does no damage.
The scorpion stings you. The hound barely misses you.
The scorpion completely misses you.
You closely miss the scorpion.
The scorpion is moderately wounded.
The hound bites you but does no damage. The scorpion stings you.
The scorpion stings you!
* * * LOW HITPOINT WARNING * * *
You closely miss the scorpion.
The scorpion is moderately wounded.
The hound bites you but does no damage. The scorpion stings you.
You die...

.. #.......#
..##.......#
..#.......#
.........#
#.......# ...
[..####
######h###....#
.......@......#
....#8ss8#....#
. ##....##..##
#......##.#
##$$$$###.#
..##########.#
#.#⌠......⌠#.#
..#.._.._..#.#
#
#.#⌠......⌠#.#


You could see 2 scorpions and a hound.

Vanquished Creatures
  An orc (D:3)
  2 ball pythons (D:3)
  4 endoplasms
  4 giant cockroaches
  3 goblins
  3 hobgoblins
  2 jackals (D:2)
  2 kobolds
  A quokka (D:3)
  3 bats
  3 rats
28 creatures vanquished.

Notes
Turn   | Place    | Note
-------+----------+-------------------------------------------
     0 | D:1      | jsc133 the Gargoyle Berserker began the quest for the Orb.
     0 | D:1      | Reached XP level 1. HP: 14/14 MP: 1/1
    14 | D:1      | Found a faded altar of an unknown god.
    71 | D:1      | Found Xeczyaty's Armour Emporium.
   540 | D:2      | Reached XP level 2. HP: 10/19 MP: 2/2
  1064 | D:3      | Reached XP level 3. HP: 22/23 MP: 3/3
  1078 | D:3      | Reached ** piety under Trog
  1456 | D:4      | Found a burning altar of Makhleb.
  1457 | D:4      | Found a sacrificial altar of Ru.
  1457 | D:4      | Noticed a scorpion
  1467 | D:4      | Noticed a scorpion
  1513 | D:4      | HP: 1/23 [scorpion (7)]
  1514 | D:4      | Slain by a scorpion

Illustrated notes

Levels and vault maps discovered:
D:1:      mrwooster_arrival_statue_2, layout_basic, basic_ecumenical_altar,
          serial_shops, nicolae_shop_trees, shop
D:2:      layout_rooms
D:3:      layout_basic
D:4:      minmay_chambers_of_fours, layout_rooms, jmf_multi_god_temple,
          minmay_temple_entry_from_below_a, minivault_26, minmay_manual_mess

Skill      XL: |  1  2 |
---------------+-------+-----
Dodging        | 2 |  2.2
Fighting       | |  3.5
Short Blades   | |  0.1
Maces & Flails | |  3.4
Armour         | |  2.3
Stealth        | |  0.2

Action                   || total
-------------------------++-------
Melee: Mace              ||    53
       Dagger            ||    59
  Use: Scroll            ||     4
Armor: Animal skin       ||    72
Dodge: Dodged            ||   122

Table legend: (Time is in decaauts)
 A = Elapsed time spent in this place.
 B = Non-inter-level travel time spent in this place.
 C = Inter-level travel time spent in this place.
 D = Time resting spent in this place.
 E = Time spent auto-exploring this place.
 F = Levels seen in this place.
 G = Mean time per level.
                   A        B        C        D        E       F      G
               +--------+--------+--------+--------+--------+-----+--------+
         Total |   1526 |   1526 |      0 |      0 |      0 |   4 |  381.5 |
       Dungeon |   1526 |   1526 |      0 |      0 |      0 |   4 |  381.5 |
               +--------+--------+--------+--------+--------+-----+--------+

Top non-repeatable levels by time:
     D:3: 572 daAuts
     D:1: 531 daAuts
     D:2: 347 daAuts
     D:4: 74 daAuts
